Map: Lerilak Crest

Players

DestroyBoy - Winner!

  • Race: Terran Terran
  • League: Platinum

DrZerg

  • Race: Zerg Zerg
  • League: Platinum

VOD

Have the link to the VOD?

Description

Time

  • Played on: Sept. 2, 2015, 4:02 a.m.
  • Length: 7:54
Show
View Real Time Build Order
Export as new Build Order

DestroyBoy Terran - Winner!

Build Orders: MMM Bio, Siege Tank Drop 

Get SALT Encoding   

  12  0:01  SCV  
  13  0:13  SCV  
  14  0:20  Supply Depot  
  14  0:25  SCV  
  15  0:31  Refinery  
  15  0:42  SCV  
  16  0:45  Barracks  
  16  0:54  SCV  
  17  1:11  SCV  
  18  1:23  SCV  
  19  1:35  SCV  
  19  1:37  Marine  
  19  1:39  Factory  
  21  1:43  Refinery  
  21  1:50  Supply Depot  
  21  1:52  SCV  
  22  1:55  Reaper  
  23  2:12  SCV  
  24  2:25  Factory Tech Lab  
  24  2:28  SCV  
  24  2:29  Marine  
  26  2:31  Starport  
  26  2:40  SCV  
  26  2:41  Supply Depot  
  27  2:48  Marine  
  28  3:04  Command Center  
  28  3:07  Siege Tank  
  31  3:14  Medivac  
  33  3:29  Orbital Command  
  33  3:39  Siege Tank  
  36  3:51  Medivac  
  38  4:09  SCV  
  38  4:11  Barracks Tech Lab  
  38  4:15  Barracks  
  38  4:22  SCV  
  39  4:33  Stimpack  
  39  4:34  SCV  
  39  4:37  Barracks  
  39  4:38  Barracks  
  40  4:43  Factory Reactor  
  40  4:45  Starport Reactor  
  40  4:46  SCV  
  41  4:53  SCV  
  42  5:05  SCV  
  43  5:09  SCV  
  44  5:18  SCV, Supply Depot  
  44  5:19  Supply Depot  
  44  5:21  SCV  
  46  5:30  SCV  
  46  5:34  SCV  
  48  5:37  Marine  
  50  5:43  SCV  
  50  5:46  SCV  
  52  5:50  Marine x4  
  52  5:55  SCV  
  51  5:58  SCV  
  52  6:05  Marine  
  52  6:06  Combat Shields, Marauder  
  52  6:07  SCV  
  52  6:08  Marine x2  
  52  6:10  SCV  
  59  6:18  Marine  
  59  6:19  Marine  
  59  6:24  Marauder  
  65  6:26  Factory Reactor, Starport Reactor  
  65  6:31  Marine  
  66  6:33  Marine, Marauder  
  66  6:36  Marine x2  
  66  6:38  SCV  
  70  6:40  Orbital Command  
  70  6:42  Refinery  
  70  6:46  Marauder  
  70  6:47  Supply Depot  
  72  6:48  Supply Depot  
  72  6:58  SCV  
  73  7:03  Marauder, Marine x4  
  73  7:07  Marine  
  80  7:15  Widow Mine  
  82  7:20  Marine  
  82  7:21  Marine  
  84  7:25  Marauder  
  86  7:30  Engineering Bay  
  86  7:35  Command Center  
Show
View Real Time Build Order
Export as new Build Order

DrZerg Zerg 

Build Orders: Hatch First 

Get SALT Encoding   

  12  0:03  Drone  
  13  0:09  Drone  
  14  0:19  Overlord  
  14  0:23  Extractor  
  14  0:24  Drone  
  15  0:37  Drone x2  
  17  0:55  Hatchery  
  16  0:59  Drone  
  17  1:13  Spawning Pool  
  17  1:15  Drone x2  
  18  1:19  Extractor  
  18  1:21  Drone  
  18  1:29  Drone  
  19  1:49  Overlord  
  19  1:59  Queen  
  21  2:08  Queen  
  23  2:09  Drone x3  
  23  2:13  Overlord  
  26  2:25  Roach Warren  
  26  2:28  Drone  
  26  2:29  Drone x2  
  28  2:35  Drone  
  29  2:40  Drone  
  29  2:43  Queen  
  32  2:49  Drone  
  32  2:51  Overlord  
  33  3:02  Overlord  
  33  3:05  Queen  
  35  3:17  Spore Crawler  
  35  3:18  Drone  
  35  3:23  Roach  
  35  3:24  Spore Crawler, Roach x3  
  35  3:25  Roach  
  44  3:34  Drone  
  44  3:35  Drone x2  
  47  3:56  Roach  
  47  3:57  Roach  
  47  4:00  Overlord  
  47  4:01  Hatchery  
  50  4:03  Overlord  
  50  4:04  Drone  
  51  4:21  Overlord  
  51  4:23  Queen  
  51  4:24  Queen  
  53  4:25  Overlord  
  53  4:26  Zergling x2  
  56  4:36  Drone  
  56  4:37  Overlord  
  57  5:06  Drone x9  
  62  5:08  Lair  
  62  5:11  Extractor  
  62  5:13  Extractor  
  58  5:17  Drone  
  58  5:18  Queen  
  58  5:19  Extractor  
  58  5:21  Queen  
  57  5:40  Drone x9  
  57  5:41  Drone  
  61  5:54  Queen  
  63  6:13  Drone x4  
  67  6:19  Hatchery  
  67  6:21  Drone  
  67  6:22  Drone x6  
  73  6:32  Evolution Chamber  
  72  6:33  Metabolic Boost, Baneling Nest, Evolution Chamber  
  69  6:47  Overlord  
  66  7:01  Hatchery  
  65  7:08  Drone  
  65  7:09  Drone x10  
  74  7:18  Overlord x2  
  74  7:22  Overlord  
  73  7:40  Spire  
Tags
 
Add a new tag
Caveats
  • Supply blocks, unpowered buildings, or Contaminate may cause inaccurate times.
  • Supply counts are checked every 10 seconds.